 Seeded DCSS version 0.24.0 (webtiles) character file.

Game seed: 3143378150848248218, levelgen mode: deterministic

155 Auros the Chopper (level 5, -4/49 HPs)
             Began as a Deep Dwarf Fighter on Apr 12, 2020.
             Slain by a gnoll
             ... wielding a +0 halberd of flaming
              (12 damage)
             ... on level 3 of the Dungeon.
             The game lasted 00:06:36 (1757 turns).

Auros the Chopper (Deep Dwarf Fighter)              Turns: 1757, Time: 00:06:37

Health: -4/49      AC: 13    Str: 21    XL:     5   Next: 14%
Magic:  5/5        EV:  5    Int:  8    God:
Gold:   133        SH:  9    Dex: 12    Spells: 4/4 levels left

rFire    x . .     SeeInvis .   a - +0 war axe
rCold    + . .     Gourm    .   c - +0 shield
rNeg     . . .     Faith    .   t - +0 shadow dragon scales
rPois    .         Spirit   .   (no helmet)
rElec    .         Reflect  .   (no cloak)
rCorr    .         Harm     .   (no gloves)
MR       .....                  e - +0 pair of boots
Stlth    ++........             (no amulet)
HPRegen  0.00/turn              o - +1 ring of protection
MPRegen  0.09/turn              l - ring of ice

@: non-regenerating
A: damage resistance, heal wounds, sense surroundings 1, no regeneration
a: Heal Wounds


You were on level 3 of the Dungeon.
You were not hungry.

You visited 1 branch of the dungeon, and saw 3 of its levels.

You collected 133 gold pieces.

Inventory:

Hand Weapons
 a - a +0 war axe (weapon)
Missiles
 h - 6 javelins
 u - 25 bolts
 Z - 84 stones (quivered)
Armour
 b - a +0 scale mail
 c - a +0 shield (worn)
 e - a +0 pair of boots (worn)
 t - +0 shadow dragon scales (worn)
Jewellery
 l - a ring of ice (right hand)
 o - a +1 ring of protection (left hand)
 q - an uncursed ring of flight {unknown}
Scrolls
 g - 2 scrolls of remove curse {unknown}
 i - 2 scrolls of identify {unknown}
 n - 2 scrolls of teleportation {unknown}
 p - a scroll of enchant weapon {unknown}
 s - a scroll of magic mapping {unknown}
Potions
 d - a potion of might
 j - a potion of degeneration {unknown}
 k - a potion of cancellation {unknown}
 m - a potion of lignification {unknown}
 r - a potion of haste {unknown}
Comestibles
 f - 12 chunks of flesh
 z - 5 rations


   Skills:
 - Level 3.2 Fighting
 + Level 4.5 Axes
 - Level 3.9 Armour
 - Level 3.9 Shields


You had 4 spell levels left.
You didn't know any spells.
Your spell library contained the following spells:

 Spells                   Type           Power        Failure   Level  Hunger
 Confusing Touch          Hex            #.....       100%        1    ##.....
 Confuse                  Hex            #.......     100%        3    ####...
 Gell's Gravitas          Tloc           #.........   100%        3    ####...
 Petrify                  Tmut/Erth      #.......     100%        4    #####..
 Metabolic Englaciation   Hex/Ice        #.........   100%        5    ######.
 Yara's Violent Unravell  Hex/Tmut       #.........   100%        5    ######.


Dungeon Overview and Level Annotations

Branches:
Dungeon (3/15)

Altars:


Innate Abilities, Weirdness & Mutations

You are resistant to damage.
You can heal yourself by infusing magical energy.
You passively map a small area around you.
You do not regenerate.


Message History

* * * LOW HITPOINT WARNING * * *
The gnoll burns you.
Your shield prevents you from hitting the gnoll.
The gnoll hits you but does no damage.
You hit the gnoll.
The gnoll is lightly wounded.
You block the gnoll's attack.
You closely miss the gnoll.
The gnoll is lightly wounded.
You block the gnoll's attack.
You hit the gnoll.
The gnoll is heavily wounded.
The gnoll hits you but does no damage.
You closely miss the gnoll.
The gnoll is heavily wounded.
You block the gnoll's attack.
You hit the gnoll but do no damage.
The gnoll is heavily wounded.
The gnoll hits you with a +0 halberd of flaming!
You die...

, #.#.# , * #...####### *
** * ##........# *
#.######.# * #.# #.# * *
* #.######.###### . , #
#.............# ..
#.*########..#####.####.#
** #.#.##.)g@.....# #.#
#.# ###....#.#######.#
#.# #.#
....w!...#######.#####.#
#.#
###....#...............#
#.#
#.#.##.#######.#######
#.# #... ... * #.# #.# *
#.. #.## , #.##########.#
, !... #.# *
#............# #### #.# ,
##############


You could see a gnoll.

Vanquished Creatures
  2 gnolls (D:3)
  An adder (D:2)
  6 oozes (D:1)
  An adder skeleton (D:3)
  3 worms
  4 dart slugs
  2 leopard geckos
  5 orcs (D:3)
  8 giant cockroaches
  4 goblins
  7 hobgoblins
  6 jackals
  7 kobolds
  A quokka (D:2)
  4 bats
  7 frilled lizards
  10 rats
78 creatures vanquished.

Notes
Turn   | Place    | Note
-------+----------+-------------------------------------------
     0 | D:1      | Auros the Deep Dwarf Fighter began the quest for the Orb.
     0 | D:1      | Reached XP level 1. HP: 20/20 MP: 1/1
     1 | D:1      | Found a runed translucent door.
   157 | D:1      | Reached XP level 2. HP: 27/27 MP: 2/2
   755 | D:1      | Reached XP level 3. HP: 26/34 MP: 3/3
   865 | D:1      | Reached skill level 3 in Axes
   925 | D:1      | Reached XP level 4. HP: 15/42 MP: 4/4
  1594 | D:3      | Reached skill level 4 in Axes
  1740 | D:3      | Reached XP level 5. HP: 23/49 MP: 5/5
  1757 | D:3      | Slain by a gnoll

Levels and vault maps discovered:
D:1:      dpeg_arrival_caged_fury, layout_loops_ring
D:2:      layout_rooms, kennysheep_generic_room_5
D:3:      layout_loops_ring, uniq_crazy_yiuf_cottage
